 Dungeon Crawl Stone Soup version 0.22.1-2-g9c5b331383 (webtiles) character file.

651 skd the Carver (level 7, -9/57 HPs)
             Began as a Minotaur Berserker on Nov 14, 2018.
             Was an Elder of Trog.
             Mangled by an orc warrior
             ... wielding a +0 scimitar
              (13 damage)
             ... on level 5 of the Dungeon.
             The game lasted 00:12:42 (2915 turns).

skd the Carver (Minotaur Berserker)                 Turns: 2915, Time: 00:12:43

Health: -9/57      AC: 14    Str: 23    XL:     7   Next: 28%
Magic:  0/6        EV:  7    Int:  4    God:    Trog [****..]
Gold:   226        SH:  0    Dex: 10    Spells: 6/6 levels left

rFire    + . .     SeeInvis .   a - +0 falchion
rCold    . . .     Gourm    .   (no shield)
rNeg     . . .     Faith    .   d - +0 plate armour
rPois    .         Spirit   +   (helmet restricted)
rElec    .         Reflect  .   (no cloak)
rCorr    .         Harm     .   (no gloves)
MR       .....                  b - +0 pair of boots
Stlth    ..........             o - amulet of guardian spirit
HPRegen  0.19/turn              m - ring of protection from fire
MPRegen  0.10/turn              (no ring)

@: no status effects
A: retaliatory headbutt, horns 2
a: Berserk, Trog's Hand, Brothers in Arms, Renounce Religion


You were on level 5 of the Dungeon.
You worshipped Trog.
Trog was greatly pleased with you.
You were not hungry.

You visited 1 branch of the dungeon, and saw 5 of its levels.

You collected 226 gold pieces.

Inventory:

Hand Weapons
 a - a +0 falchion (weapon)
Missiles
 i - 6 tomahawks (quivered)
Armour
 b - a +0 pair of boots (worn)
 d - a +0 plate armour (worn)
Jewellery
 e - an uncursed amulet of rage {unknown}
 m - a ring of protection from fire (left hand)
 o - an amulet of guardian spirit (around neck)
 q - an uncursed ring of poison resistance {unknown}
 v - a cursed ring of teleportation {unknown}
Wands
 u - a wand of clouds (5)
 w - a wand of iceblast (7)
 y - a wand of random effects (29)
 B - a wand of polymorph (8)
Scrolls
 g - 5 scrolls of identify {unknown}
 k - a scroll of random uselessness {unknown}
 r - a scroll of noise {unknown}
 t - a scroll of fog {unknown}
 A - a scroll of teleportation
Potions
 h - a potion of flight {unknown}
 j - 2 potions of curing {unknown}
 l - a potion of cancellation {unknown}
 n - a potion of magic {unknown}
 p - a potion of brilliance {unknown}
 s - a potion of might {unknown}
 x - a potion of mutation {unknown}
 z - a potion of resistance {unknown}
Comestibles
 c - 9 rations
 f - 6 chunks of flesh


   Skills:
 - Level 3.6 Fighting
 - Level 8.0 Long Blades
 * Level 6.7 Armour
 - Level 2.1 Dodging


You had 6 spell levels left.
You didn't know any spells.
Your spell library was empty.

Dungeon Overview and Level Annotations

Branches:
Dungeon (5/15)
 Temple: D:4-7

Altars:
Dithmenos
Trog


Innate Abilities, Weirdness & Mutations

You reflexively headbutt those who attack you in melee.
You have a pair of horns on your head.


Message History

You headbutt the orc warrior, but do no damage.
The orc warrior is moderately wounded.
The orc warrior hits you with a scimitar!!
* * * LOW HITPOINT WARNING * * *
You slash the orc warrior!
You headbutt the orc warrior, but do no damage.
The orc warrior is severely wounded.
You closely miss the orc warrior. Your headbutt misses the orc warrior.
The orc warrior is severely wounded.
The orc warrior hits you with a scimitar.
* * * LOW HITPOINT WARNING * * *
You barely miss the orc warrior. Your headbutt misses the orc warrior.
The orc warrior is severely wounded.
The orc warrior hits you with a scimitar!
* * * LOW HITPOINT WARNING * * *
You hit the orc warrior.
You headbutt the orc warrior, but do no damage.
The orc warrior is severely wounded.
The orc warrior hits you with a scimitar!
You die...

#...#.....#
#...#..=..#
#...#.)⌠!.#
#...#..!..#
#...#.....#
#...#.....#
#...##...#
#....#...#
##...#.@o#
#......##
#......#
#⌠..####
#####


You could see an orc warrior.

Vanquished Creatures
  An ice beast (D:5)
  An ogre (D:4)
  2 crimson imps
  A bullfrog zombie (D:5)
  3 hounds
  An orc priest (D:3)
  2 worker ants (D:4)
  Robin (D:3)
  5 adders
  An ooze (D:4)
  2 adder zombies
  A worm (D:2)
  2 dart slugs
  2 leopard geckos
  21 orcs
  A ball python (D:5)
  10 bats
  A bat zombie (D:1)
  4 giant cockroaches
  7 goblins
  16 hobgoblins
  11 jackals
  2 quokkas
  2 frilled lizards (D:2)
  7 kobolds
  A leopard gecko zombie (D:1)
  A quokka skeleton (D:4)
  6 rats
115 creatures vanquished.

Notes
Turn   | Place    | Note
-------+----------+-------------------------------------------
     0 | D:1      | skd the Minotaur Berserker began the quest for the Orb.
     0 | D:1      | Reached XP level 1. HP: 19/19 MP: 0/0
    39 | D:1      | Reached skill level 4 in Long Blades
    50 | D:1      | Reached XP level 2. HP: 19/26 MP: 1/1
   325 | D:1      | Reached skill level 5 in Long Blades
   327 | D:1      | Reached ** piety under Trog
   448 | D:1      | Reached XP level 3. HP: 31/31 MP: 2/2
  1011 | D:2      | Reached skill level 6 in Long Blades
  1011 | D:2      | Reached XP level 4. HP: 35/39 MP: 3/3
  1137 | D:2      | Found a faded altar of an unknown god.
  1311 | D:2      | Reached *** piety under Trog
  1528 | D:3      | Found a shadowy altar of Dithmenos.
  1657 | D:3      | Found a bloodstained altar of Trog.
  1705 | D:3      | Reached skill level 7 in Long Blades
  1705 | D:3      | Reached XP level 5. HP: 45/45 MP: 4/4
  1716 | D:3      | Noticed Robin
  1720 | D:3      | Killed Robin
  2121 | D:4      | Reached skill level 8 in Long Blades
  2252 | D:4      | Noticed an ogre
  2261 | D:4      | Killed an ogre
  2261 | D:4      | Reached XP level 6. HP: 24/51 MP: 1/5
  2285 | D:4      | Reached **** piety under Trog
  2371 | D:4      | Got a translucent leather armour
  2411 | D:4      | Identified the +2 leather armour "Ejimyill" {rPois Str-5
                  | SInv} (You found it on level 4 of the Dungeon)
  2477 | D:4      | Reached skill level 5 in Armour
  2813 | D:5      | Entered Level 5 of the Dungeon
  2830 | D:5      | Noticed an ice beast
  2846 | D:5      | Killed an ice beast
  2846 | D:5      | Reached XP level 7. HP: 57/57 MP: 6/6
  2915 | D:5      | Mangled by an orc warrior

Skill      XL: |  1  2  3  4  5  6 |
---------------+-------------------+-----
Long Blades    | 4 5 6 7 8 |  8.0
Armour         | 3 6 |  6.7
Fighting       | |  3.6
Dodging        | |  2.1

Action                   |  1- 3 |  4- 6 |  7- 9 || total
-------------------------+-------+-------+-------++-------
Melee: Falchion          |   104 |   173 |    19 ||   296
       Headbutt          |    24 |    28 |     5 ||    57
Throw: Tomahawk          |     1 |       |       ||     1
Invok: Berserk           |       |     2 |       ||     2
  Use: Scroll            |       |     5 |       ||     5
  Eat: Chunk             |       |     8 |     1 ||     9
Armor: Animal skin       |     5 |       |       ||     5
       Plate armour      |    69 |   135 |     6 ||   210
Dodge: Dodged            |    56 |    69 |    10 ||   135
       Rpst.: Falchion   |    14 |    17 |     4 ||    35
